Map: Catalyst LE

Players

RenamOn

  • Race: Zerg Zerg
  • League: Diamond
  • Spawn Location: 11:00

MBDTF - Winner!

  • Race: Terran Terran
  • League: Diamond
  • Spawn Location: 5:00

VOD

Have the link to the VOD?

Description

Time

  • Played on: Jan. 6, 2018, 3:46 p.m.
  • Length: 11:52
Show
View Real Time Build Order
Export as new Build Order

RenamOn Zerg 

Build Orders: Hatch First 

Get SALT Encoding   

  12  0:00  Drone  
  13  0:13  Overlord  
  13  0:17  Drone  
  14  0:31  Drone x2  
  14  0:35  Drone  
  17  0:57  Drone  
  17  0:59  Hatchery  
  17  1:00  Extractor  
  16  1:05  Drone  
  17  1:18  Spawning Pool  
  16  1:20  Drone  
  16  1:24  Drone  
  18  1:38  Drone  
  19  1:58  Drone  
  19  1:59  Overlord  
  20  2:04  Queen  
  22  2:11  Queen  
  22  2:12  Zergling x4  
  26  2:18  Metabolic Boost  
  26  2:26  Drone x3  
  29  2:32  Drone  
  30  2:39  Drone  
  31  2:44  Drone  
  31  2:45  Overlord  
  31  2:50  Queen  
  34  3:00  Drone, Overlord  
  35  3:14  Roach Warren  
  35  3:16  Drone x4  
  35  3:18  Evolution Chamber  
  37  3:23  Drone x2  
  37  3:24  Drone, Extractor  
  37  3:26  Drone  
  40  3:28  Drone  
  40  3:31  Drone  
  42  3:37  Drone x2  
  44  3:56  Drone x2  
  44  3:57  Drone  
  44  3:58  Lair  
  44  4:00  Drone  
  48  4:05  Hatchery  
  47  4:13  Drone x2, Extractor  
  47  4:14  Overlord x2  
  48  4:18  Baneling Nest  
  48  4:20  Queen  
  49  4:28  Zerg Ground Armor Level 1  
  49  4:29  Drone x3  
  52  4:54  Drone  
  52  4:55  Drone x2  
  52  4:56  Drone, Extractor, Evolution Chamber  
  54  5:07  Overlord  
  54  5:08  Zergling x14  
  54  5:09  Zergling x2, Centrifical Hooks  
  62  5:16  Overseer  
  62  5:26  Drone x4  
  66  5:29  Overseer  
  66  5:34  Zergling x8  
  66  5:35  Zergling x8  
  74  5:38  Baneling x7  
  74  5:39  Baneling x5  
  74  5:44  Drone  
  74  5:45  Drone  
  74  5:46  Spine Crawler  
  74  5:49  Spore Crawler  
  74  5:50  Spine Crawler  
  74  5:55  Spore Crawler  
  72  5:57  Spine Crawler  
  72  6:02  Zergling x8  
  75  6:05  Zergling x4  
  77  6:12  Spire  
  77  6:14  Drone x2  
  77  6:16  Drone  
  79  6:28  Overlord x2  
  79  6:32  Drone x2  
  79  6:33  Drone x2  
  81  6:40  Overlord x2  
  81  6:48  Infestation Pit  
  80  7:03  Zergling x12  
  80  7:04  Zergling x6  
  80  7:05  Drone x3  
  80  7:06  Drone x5, Overseer  
  97  7:09  Extractor x2  
  97  7:12  Pneumatized Carapace  
  95  7:28  Corruptor x3  
  95  7:29  Corruptor  
  103  7:30  Corruptor  
  98  7:44  Zergling x6  
  98  7:45  Zergling x2, Corruptor x2  
  98  7:49  Hive  
  106  7:55  Zergling x10  
  111  7:59  Overlord  
  111  8:00  Overlord  
  111  8:03  Baneling x5  
  111  8:12  Overlord x3  
  111  8:18  Drone x2  
  111  8:19  Drone x2  
  116  8:20  Drone x2  
  117  8:40  Overlord x2  
  117  8:41  Overlord, Corruptor  
  117  8:44  Drone  
  117  8:45  Drone x2  
  122  8:54  Hatchery  
  122  8:55  Spore Crawler  
  120  8:57  Spine Crawler, Spore Crawler  
  120  8:58  Drone  
  120  8:59  Zerg Melee Weapons Level 1  
  119  9:03  Greater Spire  
  94  9:24  Zergling x2  
  94  9:25  Zergling x22  
  101  9:40  Corruptor  
  101  9:41  Corruptor x2  
  101  9:44  Adrenal Glands  
  107  9:47  Queen  
  107  9:51  Baneling x6  
  107  9:52  Baneling x9  
  109  9:53  Zergling x6  
  109  9:54  Zergling x2  
  109  9:58  Baneling x7  
  109  9:59  Baneling  
  113  10:15  Zergling x14  
  113  10:16  Zergling x10  
  113  10:17  Brood Lord  
  129  10:21  Brood Lord  
  129  10:25  Brood Lord  
  124  10:49  Zergling x2  
  103  10:50  Zergling x26  
  103  10:55  Brood Lord  
  109  10:57  Zergling x2  
  109  10:58  Zergling x4  
  101  11:13  Zergling x18  
  101  11:14  Zergling x10  
  101  11:15  Brood Lord  
  101  11:16  Brood Lord  
  109  11:20  Brood Lord  
Show
View Real Time Build Order
Export as new Build Order

MBDTF Terran - Winner!

Build Orders: Command Center First (CC), Bio Mech 

Get SALT Encoding   

  12  0:03  SCV  
  13  0:15  SCV  
  13  0:19  Supply Depot  
  14  0:27  SCV  
  15  0:40  SCV  
  16  0:52  SCV  
  17  1:04  SCV  
  18  1:12  Command Center  
  18  1:16  SCV  
  19  1:28  SCV  
  20  1:41  Command Center  
  20  1:44  SCV  
  21  1:56  SCV  
  21  1:57  Barracks  
  22  2:05  Refinery  
  23  2:08  SCV  
  23  2:19  Barracks  
  23  2:23  SCV  
  24  2:30  SCV  
  24  2:35  SCV  
  26  2:39  Barracks  
  26  2:48  Orbital Command  
  26  2:54  Orbital Command  
  25  3:04  Marine  
  26  3:12  Factory, Orbital Command  
  26  3:17  Refinery  
  26  3:19  SCV  
  27  3:23  SCV  
  28  3:27  Barracks Tech Lab  
  28  3:29  Marine  
  28  3:32  SCV  
  30  3:35  SCV  
  31  3:42  SCV  
  31  3:44  SCV  
  31  3:47  SCV, Marine x3  
  37  3:51  Stimpack  
  37  3:54  SCV  
  38  3:56  SCV, Factory Tech Lab  
  38  3:59  SCV  
  40  4:03  Supply Depot  
  40  4:05  Marine x2  
  40  4:06  Marine  
  40  4:07  SCV  
  40  4:08  SCV  
  45  4:11  SCV  
  45  4:13  Supply Depot  
  46  4:19  SCV  
  46  4:20  SCV  
  46  4:21  Factory  
  46  4:23  SCV  
  49  4:25  Refinery  
  49  4:28  Refinery, Marine x3  
  49  4:31  SCV  
  53  4:32  SCV  
  53  4:35  Supply Depot  
  53  4:36  Siege Tank  
  53  4:37  SCV  
  58  4:43  SCV  
  58  4:44  SCV  
  60  4:45  Marine x2  
  60  4:48  Marine  
  60  4:51  Supply Depot  
  63  4:56  SCV x2  
  63  4:57  Engineering Bay  
  65  5:03  Factory, Marine  
  66  5:07  Factory  
  66  5:10  SCV x2  
  68  5:15  Factory Tech Lab  
  68  5:17  Supply Depot  
  68  5:21  Marine x2  
  70  5:29  SCV  
  70  5:30  SCV  
  70  5:32  Terran Infantry Weapons Level 1  
  70  5:34  Supply Depot  
  72  5:37  Command Center  
  72  5:39  Infernal Pre-Igniter  
  72  5:41  Hellion x2  
  76  5:43  Orbital Command  
  76  5:46  SCV x2  
  78  5:51  Barracks Reactor  
  78  5:52  Combat Shields  
  78  5:57  Barracks Reactor, Factory Reactor  
  78  6:10  Factory Reactor  
  78  6:14  Siege Tank  
  78  6:15  SCV  
  78  6:16  SCV x2  
  78  6:17  Refinery  
  84  6:20  Refinery  
  84  6:25  Supply Depot, Armory  
  84  6:28  SCV x2  
  84  6:30  SCV  
  84  6:32  Missile Turret  
  87  6:36  Marine x4  
  87  6:37  Missile Turret  
  87  6:39  Missile Turret  
  91  6:40  SCV x2  
  91  6:42  SCV  
  94  6:52  SCV x2, Missile Turret  
  96  6:54  SCV, Orbital Command  
  96  6:56  Supply Depot  
  97  7:04  SCV, Missile Turret x2  
  97  7:06  Supply Depot x2  
  98  7:09  Hellion x2  
  98  7:10  Hellion  
  98  7:11  Marine x2  
  106  7:26  Missile Turret  
  106  7:27  SCV x2  
  108  7:30  Missile Turret  
  108  7:31  Hellion  
  108  7:33  Barracks Reactor  
  108  7:34  Marine x2  
  108  7:35  Marine  
  116  7:37  Hellion x2, Siege Tank x2  
  121  7:52  Marine x3  
  121  7:53  Missile Turret  
  121  7:55  SCV x2  
  126  8:06  Missile Turret  
  126  8:07  Missile Turret  
  126  8:09  Terran Vehicle Weapons Level 1, Thor x2  
  126  8:11  Supply Depot  
  126  8:12  Missile Turret  
  138  8:13  Hellion, Supply Depot  
  138  8:17  Drilling Claws, Missile Turret  
  140  8:21  Smart Servos  
  140  8:27  SCV x2  
  140  8:32  Missile Turret  
  142  8:35  Engineering Bay  
  142  8:38  Missile Turret  
  142  8:46  Hellion, Command Center, Missile Turret  
  142  8:47  Hellion  
  146  8:54  Starport, Thor  
  152  8:59  Thor  
  158  9:06  Terran Infantry Weapons Level 2  
  158  9:08  Marine x4  
  128  9:28  Marine x4  
  128  9:29  Hellion x3  
  128  9:30  Hellion  
  140  9:37  Thor  
  146  9:41  Marine  
  146  9:42  Thor  
  153  9:45  Marine x2  
  153  9:51  Hellion x2  
  157  9:57  Marine x2  
  157  9:59  Marine  
  164  10:00  Hellion x2  
  164  10:02  Starport Reactor  
  164  10:03  Marine  
  165  10:11  Factory  
  165  10:12  Factory  
  165  10:14  Orbital Command  
  165  10:15  Factory  
  165  10:19  Thor  
  171  10:24  Command Center  
  171  10:25  Thor  
  177  10:30  Command Center  
  152  10:58  Hellion x3  
  152  11:02  Thor  
  160  11:06  Marine  
  160  11:07  Marine x4  
  160  11:08  Thor  
  160  11:09  Hellion  
  168  11:19  Hellion  
  173  11:50  Factory Tech Lab  
  173  11:51  Factory Reactor  
Tags
 
Add a new tag
Caveats
  • Supply blocks, unpowered buildings, or Contaminate may cause inaccurate times.
  • Supply counts are checked every 10 seconds.